 Dungeon Crawl Stone Soup version 0.29.1-4-g47bece8355 (webtiles) character file.

Game seed: 11683812801257564056

65 fishmans the Chopper (level 4, 28/28 HPs)
             Began as a Gargoyle Fighter on Dec 5, 2022.
             Quit the game on level 2 of the Dungeon.
             The game lasted 00:07:44 (1922 turns).

fishmans the Chopper (Gargoyle Fighter)             Turns: 1922, Time: 00:07:45

Health: 28/28      AC: 10    Str: 22    XL:     4   Next: 13%
Magic:  4/4        EV:  9    Int:  8    God:
Gold:   118        SH:  4    Dex:  9    Spells: 3/3 levels left

rFire   . . .      SeeInvis .   a - +0 war axe (vorpal)
rCold   . . .      Faith    .   c - +0 buckler
rNeg    + . .      Spirit   .   b - +0 scale mail
rPois   ∞          Reflect  .   (no helmet)
rElec   +          Harm     .   (no cloak)
rCorr   .          Rampage  .   (no gloves)
Will    .....                   (no boots)
Stlth   ..........              (no amulet)
HPRegen 0.09/turn               (no ring)
MPRegen 0.09/turn               (no ring)

@: no status effects
A: sickness immunity, AC +3, negative energy resistance 1, electricity
resistance, torment resistance 1, petrification resistance
a: no special abilities


You were on level 2 of the Dungeon.
You visited 1 branch of the dungeon, and saw 2 of its levels.

You collected 118 gold pieces.

Inventory:

Hand Weapons
 a - a +0 vorpal war axe (weapon)
Armour
 b - a +0 scale mail (worn)
 c - a +0 buckler (worn)
Jewellery
 j - a ring of ice
Scrolls
 e - a scroll of vulnerability {unknown}
 f - 4 scrolls of teleportation
 i - 2 scrolls of identify {unknown}
 l - a scroll of brand weapon
 m - a scroll of acquirement {unknown}
Potions
 d - a potion of might
 g - a potion of curing {unknown}
 h - a potion of degeneration {unknown}
 k - a potion of heal wounds {unknown}


   Skills:
 - Level 3.2 Fighting
 + Level 3.9 Axes
 - Level 3.2 Armour
 - Level 3.2 Shields


You had 3 spell levels left.
You didn't know any spells.
Your spell library contained the following spells:

 Spells                   Type           Power      Damage    Failure   Level
 Call Canine Familiar     Summ           0%         N/A       99%         3
 Gell's Gravitas          Tloc           0%         N/A       99%         3
 Ignite Poison            Fire/Tmut/Pois 0%         N/A       99%         3
 Portal Projectile        Hex/Tloc       0%         N/A       99%         3
 Teleport Other           Tloc           0%         N/A       99%         3
 Leda's Liquefaction      Hex/Erth       0%         N/A       100%        4
 Summon Mana Viper        Hex/Summ       0%         N/A       100%        5
 Dispersal                Tloc           0%         N/A       100%        6
 Statue Form              Tmut/Erth      Unusable   N/A       N/A         6

Dungeon Overview and Level Annotations

Branches:
Dungeon (2/15)

Altars:


Innate Abilities, Weirdness & Mutations

You are immune to sickness and miasma.
Your stone body is resilient. (AC +3)
You are immune to poison.
You resist negative energy. (rN+)
You are resistant to electric shocks. (rElec)
You are resistant to unholy torment.
You are immune to petrification.


Message History

The giant cockroach is severely wounded.
You closely miss the rat.
The giant cockroach bites you but does no damage.
The rat bites you. You block the giant cockroach's attack.
Cleave: a) +0 war axe (vorpal)
Press: ? - help, Dir - move target, f - rat
Aim: a rat (about 48% to evade your +0 vorpal war axe)
You closely miss the rat. You slash the giant cockroach!
You kill the giant cockroach!
The rat barely misses you.
You closely miss the rat. The rat bites you but does no damage.
The rat misses you.
You slash the rat!
You kill the rat!
You see here a rat corpse.
HP restored.
You see here a staff of conjuration.
You pick up a book of the Hunter and begin reading...
You add the spells Call Canine Familiar and Portal Projectile to your library.
There is an escape hatch in the ceiling here.
You now have 118 gold pieces (gained 12).
f - 4 scrolls of teleportation (gained 1)
A goblin comes into view. It is wielding a +0 dagger.
Found a scroll labelled HOECIRGH FACZEI.
The goblin shouts!
A kobold comes into view. It is wielding a +0 short sword.
The kobold shouts!
You hit the goblin.
You kill the goblin!
You hit the kobold.
You kill the kobold!
Things that are here:
a +0 short sword; a +0 dagger; a goblin corpse
m - a scroll labelled HOECIRGH FACZEI
Things that are here:
a +0 short sword; a +0 dagger; a goblin corpse You enter the shallow water.
Moving in this stuff is going to be slow.
Found an escape hatch in the floor.
Are you sure you want to abandon this character and quit the game? (Confirm with "yes".)

#...####..# #.♣♣♣
#...##....# #P.♣
#...#..##.####
#..♣♣
#.....###....####
#P..♣ ##.#####
####....#####..P
#..###
####.........
#....####
#######..P
####....## ##....
####.@# #.....
##.......# #.....
#######.> #.....
#.###.....
#.^.......
#####..... #.....
#..... #.....


There were no monsters in sight!

Vanquished Creatures
  2 adders (D:2)
  2 worms (D:2)
  2 bats (D:2)
  5 endoplasms
  3 giant cockroaches (D:2)
  4 goblins (D:2)
  2 hobgoblins
  2 jackals (D:2)
  3 kobolds (D:2)
  A quokka (D:2)
  4 ball pythons
  A frilled lizard (D:2)
  9 rats
40 creatures vanquished.

Vanquished Creatures (others)
  11 plants (D:2)
11 creatures vanquished.

Grand Total: 51 creatures vanquished

Notes
Turn   | Place    | Note
-------+----------+-------------------------------------------
     0 | D:1      | fishmans the Gargoyle Fighter began the quest for the Orb.
     0 | D:1      | Reached XP level 1. HP: 14/14 MP: 1/1
   323 | D:1      | Reached XP level 2. HP: 13/19 MP: 2/2
   428 | D:1      | Noticed an eye of devastation
   429 | D:1      | Found a faded altar of an unknown god.
   443 | D:1      | Noticed a great orb of eyes
   449 | D:1      | Noticed a golden eye
   452 | D:1      | Noticed a golden eye
   506 | D:1      | Got the Secrets of Reformation and Hexing
   806 | D:2      | Reached XP level 3. HP: 23/23 MP: 3/3
  1695 | D:2      | Reached XP level 4. HP: 28/28 MP: 4/4
  1922 | D:2      | Quit the game

Illustrated notes

Levels and vault maps discovered:
D:1:      dpeg_arrival_arbitrary_c, layout_rooms,
          hellmonk_ecumenical_altar_watching_god
D:2:      wander_river, layout_rooms, serial_forest,
          infiniplex_forest_clump_cross, infiniplex_forest_clump_long,
          infiniplex_forest_straight_4, infiniplex_forest_clump_long,
          infiniplex_forest_lined_1, infiniplex_forest_lined_3

Skill      XL: |  1  2 |
---------------+-------+-----
Axes           | 2 3 |  3.9
Fighting       | |  3.2
Armour         | |  3.2
Shields        | |  3.2

Action                   |  1- 3 |  4- 6 || total
-------------------------+-------+-------++-------
Melee: War axe           |   121 |    14 ||   135
  Use: Scroll            |     4 |       ||     4
Armor: Scale mail        |    68 |    11 ||    79
Dodge: Dodged            |    57 |    10 ||    67
Block: Buckler           |    30 |     2 ||    32
